 Dungeon Crawl Stone Soup version 0.21.0-24-g2553a33 (webtiles) character file.

724 tidbits the Insei (level 7, -3/53 HPs)
             Began as a Gnoll Transmuter on Jan 21, 2018.
             Slain by a water moccasin (5 damage)
             ... on level 6 of the Dungeon.
             The game lasted 00:13:31 (1509 turns).

tidbits the Insei (Gnoll Transmuter)                Turns: 1509, Time: 00:13:31

Health: -3/53      AC:  2    Str: 12    XL:     7   Next: 71%
Magic:  4/15       EV: 25    Int: 17    God:
Gold:   152        SH:  0    Dex: 21    Spells: 11/17 levels left

rFire    . . .     SeeInvis .     - Unarmed
rCold    . . .     Gourm    .   (shield currently unavailable)
rNeg     . . .     Faith    .   (armour currently unavailable)
rPois    x         Spirit   .   (helmet currently unavailable)
rElec    .         Reflect  .   (cloak currently unavailable)
rCorr    .         Harm     .   (gloves currently unavailable)
MR       .....                  (boots currently unavailable)
Stlth    ++........             (no amulet)
HPRegen  0.17/turn              j - ring of loudness
MPRegen  0.14/turn              (no ring)

@: lethally poisoned (-3 -> -45), spider-form, very slightly contaminated
A: tiny, distributed training, strong nose
a: End Transformation


You were on level 6 of the Dungeon.
You were hungry.
You were a venomous arachnid creature.
You visited 1 branch of the dungeon, and saw 7 of its levels.

You collected 152 gold pieces.

Inventory:

Hand Weapons
 l - a +0 dagger
 m - a +0 hunting sling
 s - a +2 whip of draining
   (You took it off an orc on level 3 of the Dungeon)
 v - a +1 vampiric hand axe
   (You took it off an orc on level 3 of the Dungeon)
Missiles
 a - 49 arrows
 h - 13 bolts
 o - 12 stones (quivered)
 u - 4 tomahawks of returning
Armour
 n - a +0 robe
 w - a +0 robe of fire resistance
   (You took it off an orc wizard on level 2 of the Dungeon)
 B - a +1 robe of magic resistance (melded)
   (You took it off a goblin on level 3 of the Dungeon)
 E - a +0 helmet (melded)
Jewellery
 j - a ring of loudness (left front leg)
   (You found it on level 2 of the Dungeon)
Scrolls
 f - a scroll of amnesia {unknown}
 q - 2 scrolls of immolation
 y - 2 scrolls of fog
Potions
 e - 2 potions of curing
 g - a potion of magic
 i - a potion of flight
 k - a potion of mutation {unknown}
 p - a potion of invisibility {unknown}
 r - a potion of heal wounds {unknown}
 x - a potion of brilliance {unknown}
Books
 d - a book of Changes

   Spells                             Type                      Level
   a - Beastly Appendage              Transmutation                1
   b - Sticks to Snakes               Transmutation                2
   c - Spider Form                    Transmutation/Poison         3
   d - Ice Form                       Ice/Transmutation            4
   e - Blade Hands                    Transmutation                5
Comestibles
 b - a chunk of flesh
 c - 3 rations


   Skills:
 + Level 3.7 Fighting
 + Level 2.6 Short Blades
 + Level 2.6 Long Blades
 + Level 2.6 Axes
 + Level 2.6 Maces & Flails
 + Level 2.6 Polearms
 + Level 2.6 Staves
 + Level 2.6 Slings
 + Level 2.6 Bows
 + Level 2.6 Crossbows
 + Level 2.6 Throwing
 + Level 2.6 Armour
 + Level 5.3 Dodging
 + Level 2.6 Stealth
 + Level 2.6 Shields
 + Level 7.1 Unarmed Combat
 + Level 5.7 Spellcasting
 + Level 2.1 Conjurations
 + Level 2.1 Hexes
 + Level 2.1 Charms
 + Level 2.1 Summonings
 + Level 2.1 Necromancy
 + Level 2.1 Translocations
 + Level 4.4 Transmutations
 + Level 2.1 Fire Magic
 + Level 2.1 Ice Magic
 + Level 2.1 Air Magic
 + Level 2.1 Earth Magic
 + Level 2.1 Poison Magic
 + Level 2.9 Invocations
 + Level 2.6 Evocations


You had 11 spell levels left.
You knew the following spells:

 Your Spells              Type           Power        Failure   Level  Hunger
e - Beastly Appendage     Tmut           ###...       9%          1    None
k - Sticks to Snakes      Tmut           ###.....     11%         2    #......
p - Spider Form           Tmut/Pois      ###.......   26%         3    ##.....


Dungeon Overview and Level Annotations

Branches:
Dungeon (7/15)
 Temple: D:4-7

Altars:
Ashenzari
Gozag
Makhleb
Okawaru
Ru

Shops:
D:7 (


Innate Abilities, Weirdness & Mutations

Your experience applies equally to all skills.
((You have very sharp teeth.))
Your uncanny sense of smell can sniff out nearby items.


Message History

Your transformation is almost over.
There is an escape hatch in the ceiling here.
A mysterious force pulls you upwards. The hatch slams shut behind you.
Your summoned ally is left behind.
A shadow imp comes into view.
The shadow imp grins evilly.
Found a pink potion and 10 stones.
Unknown command.
Casting: Sticks to Snakes
Confirm with . or Enter, or press ? or * to list all spells.
You create a snake!
You now have 50 arrows.
A water moccasin comes into view.
The shadow imp hits your ball python.
Your ball python misses the shadow imp.
Your ball python barely misses the shadow imp.
Your ball python barely misses the shadow imp.
Your ball python grabs the shadow imp.
Your ball python constricts the shadow imp.
The shadow imp completely misses you.
The water moccasin closely misses your ball python.
You hit the shadow imp but do no damage.
The shadow imp is lightly wounded.
Your ball python bites the shadow imp but does no damage.
Your ball python constricts the shadow imp.
The water moccasin bites your ball python.
Your ball python dies!
The shadow imp barely misses you.
You bite the shadow imp!
You kill the shadow imp!
Your transformation has ended.
Your +0 helmet unmelds from your body.
Your +1 robe of magic resistance unmelds from your body.
You feel resistant to hostile enchantments.
The water moccasin closely misses you. The water moccasin barely misses you.
The water moccasin bites you.
You see here a pink potion.
p - a pink potion The water moccasin bites you!
* * * LOW HITPOINT WARNING * * *
The water moccasin bites you.
* * * LOW HITPOINT WARNING * * *
Casting: Sticks to Snakes
Confirm with . or Enter, or press ? or * to list all spells.
You create a snake!
You now have 49 arrows.
The water moccasin misses you.
Casting: Sticks to Snakes
Confirm with . or Enter, or press ? or * to list all spells.
You miscast Spider Form.
You are very lightly contaminated with residual magic.
You feel sick. The water moccasin barely misses you.
Your ball python barely misses the water moccasin.
Your ball python closely misses the water moccasin.
Casting: Spider Form
Confirm with . or Enter, or press ? or * to list all spells.
You turn into a venomous arachnid creature.
Your +0 helmet melds into your body.
Your +1 robe of magic resistance melds into your body.
You feel less resistant to hostile enchantments.
The water moccasin closely misses you.
Your ball python closely misses the water moccasin. x2
The water moccasin misses you.
You hit the water moccasin.
The water moccasin is poisoned.
The water moccasin is lightly wounded.
The water moccasin bites you but does no damage.
Your ball python closely misses the water moccasin. x2
You hit the water moccasin.
The water moccasin is moderately wounded.
The water moccasin closely misses you.
Your ball python closely misses the water moccasin.
Your ball python barely misses the water moccasin.
You bite the water moccasin!
The water moccasin is severely wounded.
The water moccasin bites you!
* * * LOW HITPOINT WARNING * * *
You are lethally poisoned!
The water moccasin poisons you!
Your ball python completely misses the water moccasin.
Your ball python misses the water moccasin.
The water moccasin closely misses you.
You hit the water moccasin but do no damage.
The water moccasin is severely wounded.
* * * LOW HITPOINT WARNING * * *
You feel sick.
Your ball python bites the water moccasin but does no damage.
Your ball python grabs the water moccasin.
Your ball python constricts the water moccasin.
The water moccasin bites your ball python!
Your ball python dies!
The water moccasin hisses angrily.
You hit the water moccasin.
The water moccasin is almost dead.
* * * LOW HITPOINT WARNING * * *
You feel sick. The water moccasin bites you.
* * * LOW HITPOINT WARNING * * *
You are more poisoned.
The water moccasin poisons you!
You closely miss the water moccasin.
The water moccasin is almost dead.
* * * LOW HITPOINT WARNING * * *
You feel very sick. The water moccasin bites you.
You die...

....................
....................
....................
...................
#................
#..........#.####
#............#
#.....S........
.......#.s..(..#..
.......#..........
##.....#.........
.......#........#
......##........#
...... #........#
#........#
.........#


You could see a water moccasin.

Vanquished Creatures
  An orc warrior (D:3)
  An ogre (D:4)
  A centaur (D:5)
  A howler monkey (D:4)
  A centaur zombie (D:5)
  3 orc priests
  A hound (D:4)
  4 orc wizards
  A centaur skeleton (D:6)
  A worker ant (D:4)
  5 adders
  A shadow imp (D:6)
  3 leopard geckos
  18 orcs
  A ball python (D:2)
  3 bats
  3 giant cockroaches
  7 hobgoblins
  6 kobolds
  A quokka (D:4)
  2 frilled lizards
  5 goblins
  5 rats
75 creatures vanquished.

Vanquished Creatures (collateral kills)
  An adder (D:2)
  2 orcs
3 creatures vanquished.

Grand Total: 78 creatures vanquished

Notes
Turn   | Place    | Note
-------+----------+-------------------------------------------
     0 | D:1      | tidbits the Gnoll Transmuter began the quest for the Orb.
     0 | D:1      | Reached XP level 1. HP: 17/17 MP: 6/6
    87 | D:1      | Reached XP level 2. HP: 22/23 MP: 5/7
    91 | D:1      | Learned a level 2 spell: Sticks to Snakes
   260 | D:2      | Reached XP level 3. HP: 25/28 MP: 9/9
   265 | D:2      | Learned a level 3 spell: Spider Form
   280 | D:2      | Reached skill level 5 in Spellcasting
   303 | D:2      | Reached skill level 1 in Short Blades
   303 | D:2      | Reached skill level 1 in Long Blades
   303 | D:2      | Reached skill level 1 in Axes
   303 | D:2      | Reached skill level 1 in Maces & Flails
   303 | D:2      | Reached skill level 1 in Polearms
   303 | D:2      | Reached skill level 1 in Staves
   303 | D:2      | Reached skill level 1 in Slings
   303 | D:2      | Reached skill level 1 in Bows
   303 | D:2      | Reached skill level 1 in Crossbows
   303 | D:2      | Reached skill level 1 in Throwing
   303 | D:2      | Reached skill level 1 in Armour
   303 | D:2      | Reached skill level 1 in Stealth
   303 | D:2      | Reached skill level 1 in Shields
   303 | D:2      | Reached skill level 1 in Invocations
   303 | D:2      | Reached skill level 1 in Evocations
   303 | D:2      | Reached XP level 4. HP: 34/34 MP: 2/11
   318 | D:2      | Reached skill level 1 in Conjurations
   318 | D:2      | Reached skill level 1 in Hexes
   318 | D:2      | Reached skill level 1 in Charms
   318 | D:2      | Reached skill level 1 in Summonings
   318 | D:2      | Reached skill level 1 in Necromancy
   318 | D:2      | Reached skill level 1 in Translocations
   318 | D:2      | Reached skill level 1 in Fire Magic
   318 | D:2      | Reached skill level 1 in Ice Magic
   318 | D:2      | Reached skill level 1 in Air Magic
   318 | D:2      | Reached skill level 1 in Earth Magic
   318 | D:2      | Reached skill level 1 in Poison Magic
   367 | D:2      | Reached XP level 5. HP: 18/40 MP: 6/12
   435 | D:2      | Found an iron altar of Okawaru.
   438 | D:2      | Found an opulent altar of Gozag.
   442 | D:2      | Found a burning altar of Makhleb.
   522 | D:2      | Found a shattered altar of Ashenzari.
   760 | D:3      | Noticed an orc warrior
   771 | D:3      | Killed an orc warrior
   771 | D:3      | Reached skill level 3 in Fighting
   771 | D:3      | Reached skill level 4 in Transmutations
   771 | D:3      | Reached XP level 6. HP: 47/47 MP: 9/13
   776 | D:3      | Reached skill level 2 in Invocations
   884 | D:3      | Found a sacrificial altar of Ru.
   940 | D:3      | Reached skill level 5 in Dodging
   975 | D:3      | Reached skill level 2 in Short Blades
   975 | D:3      | Reached skill level 2 in Long Blades
   975 | D:3      | Reached skill level 2 in Axes
   975 | D:3      | Reached skill level 2 in Maces & Flails
   975 | D:3      | Reached skill level 2 in Polearms
   975 | D:3      | Reached skill level 2 in Staves
   975 | D:3      | Reached skill level 2 in Slings
   975 | D:3      | Reached skill level 2 in Bows
   975 | D:3      | Reached skill level 2 in Crossbows
   975 | D:3      | Reached skill level 2 in Throwing
   975 | D:3      | Reached skill level 2 in Armour
   975 | D:3      | Reached skill level 2 in Stealth
   975 | D:3      | Reached skill level 2 in Shields
   975 | D:3      | Reached skill level 2 in Evocations
  1127 | D:5      | Entered Level 5 of the Dungeon
  1139 | D:5      | Reached XP level 7. HP: 23/52 MP: 9/15
  1205 | D:4      | Reached skill level 7 in Unarmed Combat
  1299 | D:4      | Reached skill level 2 in Conjurations
  1299 | D:4      | Reached skill level 2 in Hexes
  1299 | D:4      | Reached skill level 2 in Charms
  1299 | D:4      | Reached skill level 2 in Summonings
  1299 | D:4      | Reached skill level 2 in Necromancy
  1299 | D:4      | Reached skill level 2 in Translocations
  1299 | D:4      | Reached skill level 2 in Fire Magic
  1299 | D:4      | Reached skill level 2 in Ice Magic
  1299 | D:4      | Reached skill level 2 in Air Magic
  1299 | D:4      | Reached skill level 2 in Earth Magic
  1299 | D:4      | Reached skill level 2 in Poison Magic
  1473 | D:7      | Found Toonnoor's Weapon Emporium.
  1508 | D:6      | HP: 5/53 [water moccasin (4)]
  1509 | D:6      | HP: 2/53 [poisoned by a water moccasin]
  1509 | D:6      | Slain by a water moccasin

Skill      XL: |  1  2  3  4  5  6  7 |
---------------+----------------------+-----
Spellcasting   | 5 |  5.7
Short Blades   | 1 2 |  2.6
Long Blades    | 1 2 |  2.6
Axes           | 1 2 |  2.6
Maces & Flails | 1 2 |  2.6
Polearms       | 1 2 |  2.6
Staves         | 1 2 |  2.6
Slings         | 1 2 |  2.6
Bows           | 1 2 |  2.6
Crossbows      | 1 2 |  2.6
Throwing       | 1 2 |  2.6
Armour         | 1 2 |  2.6
Stealth        | 1 2 |  2.6
Shields        | 1 2 |  2.6
Invocations    | 1 2 |  2.9
Evocations     | 1 2 |  2.6
Conjurations   | 1 2 |  2.1
Hexes          | 1 2 |  2.1
Charms         | 1 2 |  2.1
Summonings     | 1 2 |  2.1
Necromancy     | 1 2 |  2.1
Translocations | 1 2 |  2.1
Fire Magic     | 1 2 |  2.1
Ice Magic      | 1 2 |  2.1
Air Magic      | 1 2 |  2.1
Earth Magic    | 1 2 |  2.1
Poison Magic   | 1 2 |  2.1
Fighting       | 3 |  3.7
Transmutations | 4 |  4.4
Dodging        | 5 |  5.3
Unarmed Combat | 7 |  7.1

Action                   |  1- 3 |  4- 6 |  7- 9 || total
-------------------------+-------+-------+-------++-------
Melee: Unarmed           |    41 |    96 |    45 ||   182
       Headbutt          |     4 |       |       ||     4
       Bite              |     3 |       |       ||     3
 Cast: Beastly Appendage |     7 |     2 |       ||     9
       Sticks to Snakes  |     3 |     6 |     5 ||    14
       Spider Form       |     2 |    12 |     7 ||    21
  Use: Scroll            |       |     8 |       ||     8
       Potion            |       |     1 |     1 ||     2
 Stab: Sleeping          |     1 |       |       ||     1
       Distracted        |       |     2 |       ||     2
  Eat: Chunk             |       |     2 |     1 ||     3
Armor: Robe              |     5 |       |       ||     5
       Skin              |       |     2 |     1 ||     3
Dodge: Dodged            |    23 |    86 |    30 ||   139

Table legend:
 A = Turns spent in this place as a percentage of turns spent in the entire game.
 B = Non-inter-level travel turns spent in this place as a percentage of non-inter-level travel turns spent in the entire game.
 C = Inter-level travel turns spent in this place as a percentage of turns spent in this place.
 D = Turns resting spent in this place as a percentage of non-inter-level travel turns spent in this place.
 E = Turns spent auto-exploring this place as a percentage of non-inter-level travel turns spent in this place.
 F = Non-inter-level travel turns spent in this place divided by the number of levels of this place that you've seen.
                   A       B       C       D       E      F
               +-------+-------+-------+-------+-------+----------------------
         Total | 100.0 | 100.0 |   1.4 |   0.0 |   0.0 | 212.6
       Dungeon | 100.0 | 100.0 |   1.4 |   0.0 |   0.0 | 212.6
               +-------+-------+-------+-------+-------+----------------------

Table legend:
 A = Kills in this place as a percentage of kills in entire the game.
 B = Kills by you in this place as a percentage of kills by you in the entire game.
 C = Kills by friends in this place as a percentage of kills by friends in the entire game.
 D = Other kills in this place as a percentage of other kills in the entire game.
 E = Experience gained in this place as a percentage of experience gained in the entire game.
 F = Experience gained in this place divided by the number of levels of this place that you have seen.
                   A       B       C       D       E      F
               +-------+-------+-------+-------+-------+----------------------
         Total | 100.0 | 100.0 | 100.0 |   N/A | 100.0 | 147.9
       Dungeon | 100.0 | 100.0 | 100.0 |   N/A | 100.0 | 147.9
               +-------+-------+-------+-------+-------+----------------------

Vault maps used:
D:1:      minmay_arrival_nine_rooms, minmay_misc_feat_plants
D:2:      grunt_temple_overflow_diamond, lemuel_coloured_pillars_altar,
          elyvilon_altar_4
D:3:      nicolae_overflow_hidden_temple, grunt_ministairs_7,
          minmay_stone_trees_small
D:4:      uniq_ijyb, uniq_duvessa
D:5:      lemuel_doored_altar, minmay_temple_entry_trees, first_ration,
          led_sif_book
D:7:      serial_shops, shop, nicolae_qazlal_eye_of_the_storm, uniq_pikel
